 Dungeon Crawl Stone Soup version 0.27-a0-1202-ge72e49191c (webtiles) character file.

Game seed: 7102956555033475559

36478 Cyko the Cleaver (level 13, -1/105 HPs)
             Began as a Gnoll Berserker on June 2, 2021.
             Was a Priest of Trog.
             Slain by a swamp worm (9 damage)
             ... on level 3 of the Lair of Beasts on June 3, 2021.
             The game lasted 00:52:53 (24096 turns).

Cyko the Cleaver (Gnoll Berserker)                 Turns: 24096, Time: 00:52:54

Health: -1/105     AC: 30    Str: 37    XL:     13   Next: 90%
Magic:  8/8        EV: 10    Int:  8    God:    Trog [***...]
Gold:   1010       SH: 18    Dex: 11    Spells: 29/29 levels left

rFire    . . .     SeeInvis .   O - +6 spear "Bissaeti" {antimagic, Will++ Str+4}
rCold    . . .     Faith    .   d - +0 kite shield
rNeg     . . .     Spirit   .   Q - +8 plate armour "Ninwy" {Will+}
rPois    .         Reflect  +   K - +1 helmet
rElec    .         Harm     .   g - +0 cloak
rCorr    .         Rampage  .   k - +0 pair of gloves
Will     +++++                  C - +1 pair of boots
Stlth    ..........             l - amulet of reflection
HPRegen  1.27/turn              h - +6 ring of strength
MPRegen  0.11/turn              n - +6 ring of strength

@: strong-willed, on berserk cooldown, regenerating, slowed, very slow
A: fangs 1, strong nose, distributed training
a: Renounce Religion, Berserk, Trog's Hand


You were on level 3 of the Lair of Beasts.
You worshipped Trog.
Trog was most pleased with you.
You visited 2 branches of the dungeon, and saw 15 of its levels.
You also visited: Ossuary.

You collected 1010 gold pieces.

Inventory:

Hand Weapons
 j - the +11 whip "Hoilei" {freeze, rN+}
   (You found it on level 7 of the Dungeon)

   It has been specially enchanted to freeze those struck by it, causing extra
   injury to most foes and up to half again as much damage against particularly
   susceptible opponents.
   It can also slow down cold-blooded creatures.
   It protects you from negative energy.
 v - the +7 great mace "Firestarter" {inner flame, rF++}
   (You found it on level 4 of the Dungeon)

   It has been specially enchanted to burn those struck by it, causing extra
   injury to most foes and up to half again as much damage against particularly
   susceptible opponents.
   It greatly protects you from fire.
 N - the +7 Spriggan's Knife {stab, EV+4 Stlth+}
   (You found it on level 11 of the Dungeon)

   It affects your evasion (+4).
   It makes you more stealthy.
 O - the +6 spear "Bissaeti" (weapon) {antimagic, Will++ Str+4}
   (You found it on level 1 of the Lair of Beasts)

   It reduces the magical energy of the wielder, and disrupts the spells and
   magical abilities of those hit.
   Natural abilities and divine invocations are not affected.
   It affects your strength (+4).
   It greatly increases your willpower.
Missiles
 w - 5 curare-tipped darts
 D - 3 throwing nets
Armour
 d - a +0 kite shield (worn)
 g - a +0 cloak (worn)
 k - a +0 pair of gloves (worn)
 C - a +1 pair of boots (worn)
 K - a +1 helmet (worn)
 Q - the +8 plate armour "Ninwy" (worn) {Will+}
   (You found it on level 1 of the Lair of Beasts)

   It increases your willpower.
Jewellery
 h - a +6 ring of strength (left hand)
 i - a +4 ring of evasion
 l - an amulet of reflection (around neck)
 n - a +6 ring of strength (right hand)
 x - an amulet of the acrobat
 F - a +6 ring of dexterity
 G - a +4 ring of protection
 L - a ring of willpower
Wands
 b - a wand of paralysis (4)
 o - a wand of flame (34)
 A - a wand of polymorph (10)
 E - a wand of mindburst (22)
 H - a wand of iceblast (19) (quivered)
Scrolls
 e - 6 scrolls of teleportation
 m - 4 scrolls of identify
 s - 3 scrolls of enchant armour
 y - a scroll of holy word
 B - 3 scrolls of blinking
 J - 4 scrolls of magic mapping
Potions
 a - a potion of mutation
 c - 4 potions of haste
 f - 6 potions of flight
 p - 3 potions of invisibility
 q - a potion of cancellation
 r - a potion of might
 t - 3 potions of berserk rage
 u - a potion of lignification
 z - 4 potions of curing
 I - 3 potions of resistance


   Skills:
 + Level 10.8 Fighting
 + Level 8.7 Short Blades
 + Level 8.7 Long Blades
 + Level 10.8 Axes
 + Level 8.7 Maces & Flails
 + Level 8.7 Polearms
 + Level 8.7 Staves
 + Level 8.7 Slings
 + Level 8.7 Bows
 + Level 8.7 Crossbows
 + Level 8.7 Throwing
 + Level 9.8 Armour
 + Level 9.8 Dodging
 + Level 8.7 Stealth
 + Level 8.7 Shields
 + Level 8.7 Unarmed Combat
 + Level 8.7 Spellcasting
 + Level 7.2 Conjurations
 + Level 7.2 Hexes
 + Level 7.2 Summonings
 + Level 7.2 Necromancy
 + Level 7.2 Translocations
 + Level 7.2 Transmutations
 + Level 7.2 Fire Magic
 + Level 7.2 Ice Magic
 + Level 7.2 Air Magic
 + Level 7.2 Earth Magic
 + Level 7.2 Poison Magic
 + Level 9.5 Invocations
 + Level 8.7 Evocations


You had 29 spell levels left.
You didn't know any spells.
Your spell library was empty.

Dungeon Overview and Level Annotations

Branches:
Dungeon (12/15)            Temple (0/1) D:7            Lair (3/6) D:9
  Swamp (0/4) Lair:3          Orc (0/2) D:11        Ossuary (visited)
  Snake: Lair:2-4    Spider: Lair:2-4

Altars:
Cheibriados
Dithmenos
Elyvilon
Fedhas
Hepliaklqana
Kikubaaqudgha
Makhleb
Nemelex Xobeh
Trog
Uskayaw
Vehumet
Wu Jian
Yredelemnul
The Shining One

Shops:
D:1 :

Annotations:
D:7 2 transporters, jasper's ghost, amateur DsNe


Innate Abilities, Weirdness & Mutations

You have very sharp teeth.
Your uncanny sense of smell can sniff out nearby items.
Your experience applies equally to all skills.


Message History

The harpoon shot hits you but does no damage.
The swamp worm barely misses you.
Your ogre completely misses the tyrant leech.
The tyrant leech bites you!
* * * LOW HITPOINT WARNING * * *
The tyrant leech draws strength from your injuries!
The swamp worm closely misses you.
You start removing your amulet.
You continue taking off your amulet of reflection.
Your ogre hits the tyrant leech with a +0 giant club!
You block the swamp worm's attack. The swamp worm closely misses you.
You block the tyrant leech's attack.
Your ogre barely misses the tyrant leech.
The swamp worm bites you.
* * * LOW HITPOINT WARNING * * *
You block the swamp worm's attack.
You continue taking off your amulet of reflection.
Your ogre hits the tyrant leech with a +0 giant club.
You block the swamp worm's attack. The tyrant leech closely misses you.
You block the swamp worm's attack. The swamp worm closely misses you. x2
Your ogre completely misses the tyrant leech.
The tyrant leech bites you.
* * * LOW HITPOINT WARNING * * *
The tyrant leech draws strength from your injuries!
You continue taking off your amulet of reflection.
You block the swamp worm's attack. The swamp worm bites you.
* * * LOW HITPOINT WARNING * * *
The swamp worm barely misses you.
Your ogre barely misses the tyrant leech.
The swamp worm bites you but does no damage.
You block the swamp worm's attack. x2; The tyrant leech bites you!
* * * LOW HITPOINT WARNING * * *
The tyrant leech draws strength from your injuries!
Your ogre closely misses the tyrant leech.
You continue taking off your amulet of reflection.
You block the swamp worm's attack. The swamp worm closely misses you.
You block the swamp worm's attack.
Your ogre barely misses the tyrant leech.
The tyrant leech barely misses you. The swamp worm bites you!
You die...

##......#..### ...
#..........#.# ....
#......#....####....
#......#..#...#.....
##.......##......... ♣♣♣
♣......PP..#........
§§§§≈♣...................
≈§§≈≈.......ww.P.........
§≈§§≈♣♣#....w@.........#.
♣≈≈ ♣P....Ow..........# ♣
##..........##P###..
#...........# ## ..
###.#.......# ####....###
#...## #####


You could see a tyrant leech (ally target), 3 swamp worms and a friendly ogre
(summoned, berserk).

Vanquished Creatures
  Harold (D:7)
  4 hydras
  A boulder beetle (D:11)
  An ogre mage (D:12)
  The ghost of indyram44 the Nimble, a journeyman OpFi of Dithmenos (Lair:1)
  8 two-headed ogres
  Urug (D:10)
  A deep elf pyromancer (D:12)
  4 ugly things
  3 manticores
  2 cyclopes (D:11)
  4 black mambas
  5 centaur zombies
  2 gargoyles (D:11)
  5 cane toads
  3 kobold demonologists
  2 unseen horrors (D:11)
  3 komodo dragons
  A queen bee (Lair:1)
  6 trolls
  9 blink frogs
  2 tyrant leeches
  Prince Ribbit (D:5)
  Sigmund (D:3)
  3 shadows
  3 yaks (Lair:2)
  A tarantella (shapeshifter) (D:11)
  2 vampires (D:11)
  3 wyverns
  4 basilisks
  4 vampire mosquitoes (D:11)
  2 swamp worms (D:11)
  3 acid dragons
  4 water moccasins
  5 orc warriors
  4 black bears
  2 sky beasts (D:7)
  3 ice beasts
  A necrophage (D:5)
  2 wolves (Lair:2)
  2 ogres (D:12)
  6 centaurs
  8 bullfrogs
  A kobold brigand (D:7)
  A gnoll sergeant (D:12)
  A wyvern zombie (D:6)
  A scorpion (D:5)
  4 water moccasin zombies
  A water moccasin skeleton (D:7)
  38 killer bees
  4 wights
  A vampire bat (D:8)
  3 howler monkeys
  A bullfrog zombie (D:7)
  8 orc priests
  4 hounds
  A jelly (D:6)
  Crazy Yiuf (D:3)
  5 bullfrog skeletons
  2 centaur skeletons
  Jessica (D:3)
  2 iguanas
  17 orc wizards
  4 killer bee zombies
  2 mummies (Ossuary)
  9 gnolls
  2 howler monkey zombies
  6 adders
  A howler monkey skeleton (D:7)
  3 white imps
  An adder skeleton (D:5)
  3 adder zombies (Ossuary)
  2 dart slugs (D:1)
  4 worms
  51 orcs
  5 endoplasms
  2 giant cockroaches
  11 goblins
  3 hobgoblins
  6 jackals
  17 kobolds
  5 quokkas
  9 ball pythons
  10 bats
  4 frilled lizards
  3 hobgoblin zombies (Ossuary)
  4 kobold zombies (Ossuary)
  6 orc zombies (Ossuary)
  8 rats
411 creatures vanquished.

Vanquished Creatures (others)
  14 fungi
  9 plants
23 creatures vanquished.

Grand Total: 434 creatures vanquished

Notes
Turn   | Place    | Note
-------+----------+-------------------------------------------
     0 | D:1      | Cyko the Gnoll Berserker began the quest for the Orb.
     0 | D:1      | Reached XP level 1. HP: 23/23 MP: 1/1
    60 | D:1      | Found Loave's Book Shop.
    87 | D:1      | Found a faded altar of an unknown god.
   101 | D:1      | Reached XP level 2. HP: 29/29 MP: 2/2
   754 | D:1      | Reached XP level 3. HP: 35/35 MP: 3/3
  1139 | D:2      | Reached skill level 1 in Invocations
  1233 | D:2      | Reached ** piety under Trog
  1263 | D:2      | Reached skill level 1 in Short Blades
  1263 | D:2      | Reached skill level 1 in Long Blades
  1263 | D:2      | Reached skill level 1 in Maces & Flails
  1263 | D:2      | Reached skill level 1 in Polearms
  1263 | D:2      | Reached skill level 1 in Staves
  1263 | D:2      | Reached skill level 1 in Slings
  1263 | D:2      | Reached skill level 1 in Bows
  1263 | D:2      | Reached skill level 1 in Crossbows
  1263 | D:2      | Reached skill level 1 in Throwing
  1263 | D:2      | Reached skill level 1 in Stealth
  1263 | D:2      | Reached skill level 1 in Shields
  1263 | D:2      | Reached skill level 1 in Unarmed Combat
  1263 | D:2      | Reached skill level 1 in Spellcasting
  1263 | D:2      | Reached skill level 1 in Evocations
  1629 | D:2      | Reached XP level 4. HP: 41/41 MP: 5/5
  2378 | D:3      | Found a runed translucent door.
  2379 | D:3      | Noticed Crazy Yiuf
  2431 | D:3      | Reached skill level 1 in Conjurations
  2431 | D:3      | Reached skill level 1 in Hexes
  2431 | D:3      | Reached skill level 1 in Summonings
  2431 | D:3      | Reached skill level 1 in Necromancy
  2431 | D:3      | Reached skill level 1 in Translocations
  2431 | D:3      | Reached skill level 1 in Transmutations
  2431 | D:3      | Reached skill level 1 in Fire Magic
  2431 | D:3      | Reached skill level 1 in Ice Magic
  2431 | D:3      | Reached skill level 1 in Air Magic
  2431 | D:3      | Reached skill level 1 in Earth Magic
  2431 | D:3      | Reached skill level 1 in Poison Magic
  2433 | D:3      | Reached XP level 5. HP: 47/47 MP: 6/6
  2568 | D:3      | Noticed Sigmund
  2580 | D:3      | Killed Sigmund
  2581 | D:3      | Reached skill level 5 in Armour
  2581 | D:3      | Reached skill level 5 in Dodging
  2581 | D:3      | Reached XP level 6. HP: 41/53 MP: 7/9
  2744 | D:3      | Found a bloodstained altar of Trog.
  2924 | D:3      | Found a burning altar of Makhleb.
  2991 | D:3      | Noticed Jessica
  3009 | D:3      | Killed Jessica
  3171 | D:3      | Killed Crazy Yiuf
  3366 | D:4      | Reached XP level 7. HP: 50/59 MP: 10/10
  3415 | D:4      | Found a sand-covered staircase.
  3420 | Ossuary  | Entered an ossuary
  3477 | Ossuary  | Reached *** piety under Trog
  4166 | D:4      | Found a shadowy altar of Dithmenos.
  4271 | D:4      | Found the +7 great mace "Firestarter" {inner flame, rF++}
  4597 | D:4      | Reached XP level 8. HP: 34/67 MP: 12/12
  5800 | D:5      | Entered Level 5 of the Dungeon
  6061 | D:5      | Found an ancient bone altar of Kikubaaqudgha.
  6064 | D:5      | Found a blossoming altar of Fedhas.
  6523 | D:5      | Noticed Prince Ribbit
  6526 | D:5      | Killed Prince Ribbit
  6848 | D:5      | Found a hide-covered altar of Uskayaw.
  7248 | D:6      | Reached XP level 9. HP: 54/72 MP: 14/14
  7714 | D:6      | Reached **** piety under Trog
  7896 | D:6      | Found a radiant altar of Vehumet.
  8463 | D:7      | Identified the +11 whip "Hoilei" {freeze, rN+}
  8486 | D:7      | Noticed Harold
  8496 | D:7      | Killed Harold
  8497 | D:7      | Reached skill level 5 in Invocations
  8666 | D:7      | Reached XP level 10. HP: 73/80 MP: 17/17
  9047 | D:7      | Found a white marble altar of Elyvilon.
  9102 | D:7      | Found a sparkling altar of Nemelex Xobeh.
  9102 | D:7      | Found an ornate altar of the Wu Jian Council.
  9120 | D:7      | Found a staircase to the Ecumenical Temple.
  9224 | D:7      | Reached skill level 5 in Short Blades
  9224 | D:7      | Reached skill level 5 in Long Blades
  9224 | D:7      | Reached skill level 5 in Maces & Flails
  9224 | D:7      | Reached skill level 5 in Polearms
  9224 | D:7      | Reached skill level 5 in Staves
  9224 | D:7      | Reached skill level 5 in Slings
  9224 | D:7      | Reached skill level 5 in Bows
  9224 | D:7      | Reached skill level 5 in Crossbows
  9224 | D:7      | Reached skill level 5 in Throwing
  9224 | D:7      | Reached skill level 5 in Stealth
  9224 | D:7      | Reached skill level 5 in Shields
  9224 | D:7      | Reached skill level 5 in Unarmed Combat
  9224 | D:7      | Reached skill level 5 in Spellcasting
  9224 | D:7      | Reached skill level 5 in Evocations
  9428 | D:7      | Found a transporter.
  9433 | D:7      | Noticed jasper's ghost (amateur DsNe)
  9454 | D:7      | Found a transporter.
 11212 | D:8      | Found a snail-covered altar of Cheibriados.
 11212 | D:8      | Found a glowing golden altar of the Shining One.
 11744 | D:9      | Noticed a two-headed ogre
 11751 | D:9      | Killed a two-headed ogre
 12225 | D:9      | Found a staircase to the Lair.
 12642 | D:10     | Entered Level 10 of the Dungeon
 12967 | D:10     | Noticed a two-headed ogre
 12972 | D:10     | Killed a two-headed ogre
 12973 | D:10     | Reached XP level 11. HP: 89/89 MP: 18/20
 13072 | D:10     | Reached skill level 5 in Conjurations
 13072 | D:10     | Reached skill level 5 in Hexes
 13072 | D:10     | Reached skill level 5 in Summonings
 13072 | D:10     | Reached skill level 5 in Necromancy
 13072 | D:10     | Reached skill level 5 in Translocations
 13072 | D:10     | Reached skill level 5 in Transmutations
 13072 | D:10     | Reached skill level 5 in Fire Magic
 13072 | D:10     | Reached skill level 5 in Ice Magic
 13072 | D:10     | Reached skill level 5 in Air Magic
 13072 | D:10     | Reached skill level 5 in Earth Magic
 13072 | D:10     | Reached skill level 5 in Poison Magic
 13146 | D:10     | Found a hazy altar of Hepliaklqana.
 13238 | D:10     | Noticed Urug
 13243 | D:10     | Killed Urug
 13497 | D:10     | Found a basalt altar of Yredelemnul.
 13545 | D:11     | Noticed a boulder beetle
 13550 | D:11     | Noticed a sixfirhy
 13555 | D:11     | Killed a boulder beetle
 14215 | D:11     | Noticed a two-headed ogre
 14221 | D:11     | Killed a two-headed ogre
 14370 | D:11     | Found the +7 Spriggan's Knife {stab, EV+4 Stlth+}
 14785 | D:11     | Noticed a manticore
 14792 | D:11     | Killed a manticore
 14796 | D:11     | Noticed a cyclops
 15307 | D:11     | Killed a cyclops
 15825 | D:11     | Reached XP level 12. HP: 96/96 MP: 22/22
 16296 | D:11     | Noticed a two-headed ogre
 16299 | D:11     | Noticed a six-headed hydra
 16308 | D:11     | Killed a two-headed ogre
 16312 | D:11     | Killed a six-headed hydra
 16492 | D:11     | Found a staircase to the Orcish Mines.
 17511 | D:12     | Reached skill level 10 in Fighting
 17511 | D:12     | Reached skill level 10 in Axes
 18110 | D:12     | Noticed an ogre mage
 18112 | D:12     | Noticed a two-headed ogre
 18115 | D:12     | Noticed a two-headed ogre
 18115 | D:12     | Noticed a two-headed ogre
 18116 | D:12     | Killed a two-headed ogre
 18117 | D:12     | Killed an ogre mage
 18122 | D:12     | Killed a two-headed ogre
 18123 | D:12     | Reached XP level 13. HP: 51/103 MP: 24/24
 18937 | D:12     | HP: 1/103 [orc warrior/+0 halberd (13)]
 19964 | Lair:1   | Entered Level 1 of the Lair of Beasts
 20138 | Lair:1   | Found a runed translucent gate.
 20139 | Lair:1   | Found a runed translucent gate.
 20139 | Lair:1   | Noticed indyram44's ghost (journeyman OpFi)
 20154 | Lair:1   | Found a runed translucent gate.
 22420 | Lair:1   | Killed indyram44's ghost
 22619 | Lair:1   | Identified the +8 plate armour "Ninwy" {Will+}
 22676 | Lair:1   | Identified the +6 spear "Bissaeti" {antimagic, Will++
                  | Str+4}
 24063 | Lair:3   | Found a staircase to the Swamp.
 24096 | Lair:3   | Slain by a swamp worm

Illustrated notes

Levels and vault maps discovered:
D:1:      minmay_arrival_arboretum_small, layout_rooms, serial_shops,
          shop_statue, basic_ecumenical_altar, chequers_serial_rivers_small_a,
          minmay_misc_feat_rugged
D:2:      layout_basic, minmay_statues_item, cheibrodos_gnoll_hut
D:3:      layout_basic, lightli_temple_of_fire, trog_hazing_becter,
          uniq_sigmund, uniq_crazy_yiuf_cottage, uniq_jessica
D:4:      layout_layer_cave, nicolae_dithmenos_the_darkroom,
          nicolae_ossuary_entry_plus, grunt_ministairs_6
D:5:      layout_gridville, grunt_temple_overflow_growth_and_decay,
          lemuel_crystal_altar, serial_park_tiny_2, serial_bayou_lake_a,
          uniq_prince_ribbit1
D:6:      layout_rooms, nicolae_overflow_crystal_walls
D:7:      minmay_evil_eye, layout_basic, kennysheep_little_box,
          jmf_multi_god_temple, minmay_temple_entry_glass,
          gammafunk_ghost_abyssal_escape, uniq_harold
D:8:      layout_cave_pods, gammafunk_temple_overflow_statue, roderic_batcave
D:9:      layout_cross, lair_entry_dummy, serial_glass, glass_columns_b,
          glass_columns_c, glass_columns_b, glass_columns_b, glass_columns_b,
          glass_columns_a, glass_columns_b, glass_columns_b,
          nicolae_straight_to_the_point
D:10:     layout_roguey, old_standard_altar, lemuel_zombie_altar_yredelemnul,
          minmay_crystal_room, kennysheep_generic_room_4, uniq_urug
D:11:     cheibrodos_fzero, layout_long_grid, hiddenorc1_lemuel, st_stairs_11,
          hangedman_glass_teeth, worms_lemuel
D:12:     layout_basic, chequers_garden, due_unseen_surprise
Lair:1:   layout_roguey [special_room_bee], gammafunk_ghost_split,
          lemuel_fruit_tree
Lair:2:   layout_cave_pods, serial_bayou_pond_d, beast_lair_carwin_5
Lair:3:   layout_misc_corridors, minmay_swamp_entry_worms,
          nicolae_spider_entry_non_spiders

Skill      XL: |  1  2  3  4  5  6  7  8  9 10 11 12 13 |
---------------+----------------------------------------+-----
Invocations    | 1 2 3 4 5 6 7 8 9 |  9.5
Short Blades   | 1 2 3 4 6 7 8 |  8.7
Long Blades    | 1 2 3 4 6 7 8 |  8.7
Maces & Flails | 1 2 3 4 6 7 8 |  8.7
Polearms       | 1 2 3 4 6 7 8 |  8.7
Staves         | 1 2 3 4 6 7 8 |  8.7
Slings         | 1 2 3 4 6 7 8 |  8.7
Bows           | 1 2 3 4 6 7 8 |  8.7
Crossbows      | 1 2 3 4 6 7 8 |  8.7
Throwing       | 1 2 3 4 6 7 8 |  8.7
Stealth        | 1 2 3 4 6 7 8 |  8.7
Shields        | 1 2 3 4 6 7 8 |  8.7
Unarmed Combat | 1 2 3 4 6 7 8 |  8.7
Spellcasting   | 1 2 3 4 6 7 8 |  8.7
Evocations     | 1 2 3 4 6 7 8 |  8.7
Conjurations   | 1 2 3 4 5 6 7 |  7.2
Hexes          | 1 2 3 4 5 6 7 |  7.2
Summonings     | 1 2 3 4 5 6 7 |  7.2
Necromancy     | 1 2 3 4 5 6 7 |  7.2
Translocations | 1 2 3 4 5 6 7 |  7.2
Transmutations | 1 2 3 4 5 6 7 |  7.2
Fire Magic     | 1 2 3 4 5 6 7 |  7.2
Ice Magic      | 1 2 3 4 5 6 7 |  7.2
Air Magic      | 1 2 3 4 5 6 7 |  7.2
Earth Magic    | 1 2 3 4 5 6 7 |  7.2
Poison Magic   | 1 2 3 4 5 6 7 |  7.2
Armour         | 5 6 7 8 9 |  9.8
Dodging        | 5 6 7 8 9 |  9.8
Fighting       | 7 8 9 10 | 10.8
Axes           | 7 8 9 10 | 10.8

Action                   |  1- 3 |  4- 6 |  7- 9 | 10-12 | 13-15 || total
-------------------------+-------+-------+-------+-------+-------++-------
Melee: Hand axe          |    75 |   125 |   100 |       |       ||   300
       Bite              |    10 |     8 |    25 |    43 |    55 ||   141
       Great mace        |       |       |   139 |   310 |    76 ||   525
       Punch             |       |       |     1 |     4 |     3 ||     8
       Knife             |       |       |       |    70 |       ||    70
       Spear             |       |       |       |       |   180 ||   180
       Whip              |       |       |       |       |   123 ||   123
Invok: Berserk           |     2 |     3 |     2 |    14 |     5 ||    26
       Trog's Hand       |       |     4 |     6 |    23 |     9 ||    42
       Brothers in Arms  |       |       |       |       |     1 ||     1
  Use: Scroll            |       |     5 |     6 |    11 |     4 ||    26
       Potion            |       |       |       |     5 |     3 ||     8
 Stab: Sleeping          |     1 |     1 |       |       |       ||     2
Armor: Animal skin       |     7 |       |       |       |       ||     7
       Chain mail        |       |    43 |   100 |   182 |       ||   325
       Plate armour      |       |       |       |   140 |   191 ||   331
Dodge: Dodged            |    60 |    98 |   250 |   520 |   230 ||  1158
Block: Kite shield       |       |       |       |       |   179 ||   179
       Other             |       |       |       |       |    32 ||    32
       Reflection        |       |       |       |       |     3 ||     3

Table legend: (Time is in decaauts)
 A = Elapsed time spent in this place.
 B = Non-inter-level travel time spent in this place.
 C = Inter-level travel time spent in this place.
 D = Time resting spent in this place.
 E = Time spent auto-exploring this place.
 F = Levels seen in this place.
 G = Mean time per level.
                   A        B        C        D        E       F      G
               +--------+--------+--------+--------+--------+-----+--------+
         Total |  24489 |  23241 |   1248 |   7702 |  12783 |  16 | 1530.6 |
       Dungeon |  19756 |  18589 |   1167 |   6300 |  10180 |  12 | 1646.3 |
          Lair |   4088 |   4008 |     80 |   1213 |   2306 |   3 | 1362.7 |
       Ossuary |    645 |    645 |      0 |    188 |    297 |   1 |  645.0 |
               +--------+--------+--------+--------+--------+-----+--------+

Top non-repeatable levels by time:
  Lair:1: 2721 daAuts
    D:10: 2525 daAuts
    D:12: 2251 daAuts
    D:11: 2170 daAuts
     D:5: 1919 daAuts
     D:4: 1834 daAuts
     D:7: 1791 daAuts
     D:8: 1685 daAuts
     D:9: 1409 daAuts
     D:3: 1241 daAuts
  Lair:2: 1169 daAuts
     D:2: 1144 daAuts
     D:1: 1099 daAuts
     D:6: 684 daAuts
 Ossuary: 645 daAuts
